 Seeded DCSS version 0.30.1-9-gdf580d7c3d (webtiles) character file.

Game seed: 18254337500924086558 (custom seed)

92504 Psyclone the Devastator (level 15, -3/101 HPs)
             Began as a Deep Elf Conjurer on Oct 22, 2023.
             Was a Priest of Ashenzari.
             Blown up by Nexanis's ghost (69 damage)
             ... with an orb of destruction
             ... on level 14 of the Dungeon.
             The game lasted 01:18:56 (29982 turns).

Psyclone the Devastator (Deep Elf Conjurer)        Turns: 29982, Time: 01:18:57

Health: -3/101     AC: 12    Str:  4    XL:     15   Next: 58%
Magic:  50/50      EV: 39    Int: 33    God:    Ashenzari [***...]
Gold:   2412       SH:  0    Dex: 24    Spells: 13/54 levels left

rFire   . . .        p - +11 flail of Silly Blind Justice {freeze, Fragile rCorr Dex+5}
rCold   . . .        (no shield)
rNeg    . . .        M - +0 steam dragon scales of the Sibylline Sybil {Cun, Self} (curse)
rPois   +            c - +1 helmet
rElec   +            T - +1 cloak "Lashed Pessimism" {rPois, Bglg, Fort} (curse)
rCorr   +            k - +1 Delatra's gloves {ID++, Fort, Bglg} (curse)
SInv    +            (no boots)
Will    +....        f - amulet "Restrained With Me" {Acrobat, Self, Alch} (curse)
Stlth   +++          i - ring "Pangnostic Pessimism" {rElec Int+2 Dex+6 SInv, Fort, Self} (curse)
HPRegen 0.36/turn    g - ring of magical power
MPRegen 0.32/turn

%: acrobat, clarity
@: marked, acrobatic
A: shaggy fur 1, noise suppression
a: Renounce Religion, Shatter the Chains


You were on level 14 of the Dungeon.
You worshipped Ashenzari.
Ashenzari was most pleased with you.
You visited 4 branches of the dungeon, and saw 22 of its levels.
You also visited: Ossuary, Bailey and Volcano.

You collected 2872 gold pieces.
You spent 460 gold pieces at shops.

Inventory:

Hand Weapons
 p - the +11 flail of Silly Blind Justice (weapon) {freeze, Fragile rCorr Dex+5}
   (You found it on level 6 of the Dungeon)

   Dex:       It affects your dexterity (+5).
   rCorr:     It protects you from acid and corrosion.
   Fragile:   It will be destroyed if unequipped.
Missiles
 a - 2 throwing nets {!f}
Armour
 c - a +1 helmet (worn)
 e - a +0 buckler
 k - the cursed +1 Delatra's gloves (worn) {ID++, Fort, Bglg}
   (You found it on level 5 of the Dungeon)

   ID++:      It heals its wearer when they drink unknown potions, and restores
   their MP when they read unknown scrolls.
   It has a curse which improves the following skills: Fortitude: Armour and
   Shields.
   Beguiling: Conjurations, Hexes and Translocations.
 M - the cursed +0 steam dragon scales of the Sibylline Sybil (worn) {Cun, Self}
   (You found it on level 9 of the Dungeon)

   It has a curse which improves the following skills: Cunning: Dodging and
   Stealth.
   Introspection: Fighting and Spellcasting.
 N - a +2 cloak of fire resistance
 T - the cursed +1 cloak "Lashed Pessimism" (worn) {rPois, Bglg, Fort}
   (You took it off Maurice on level 2 of the Orcish Mines)

   It has a curse which improves the following skills: Beguiling: Conjurations,
   Hexes and Translocations.
   Fortitude: Armour and Shields.
Jewellery
 d - a ring of ice
 f - the cursed amulet "Restrained With Me" (around neck) {Acrobat, Self, Alch}
   (You found it on level 1 of the Dungeon)

   [amulet of the acrobat]

   It increases your evasion while moving and waiting.
   It has a curse which improves the following skills: Introspection: Fighting
   and Spellcasting.
   Alchemy:   Poison Magic and Transmutations.
 g - a ring of magical power (right hand)
 i - the cursed ring "Pangnostic Pessimism" (left hand) {rElec Int+2 Dex+6 SInv, Fort, Self}
   (You found it on level 5 of the Lair of Beasts)

   [ring of dexterity]

   Int:       It affects your intelligence (+2).
   Dex:       It affects your dexterity (+6).
   rElec:     It insulates you from electricity.
   SInv:      It lets you see invisible.
   It has a curse which improves the following skills: Fortitude: Armour and
   Shields.
   Introspection: Fighting and Spellcasting.
 H - a ring of flight
 O - a ring of resist corrosion
 U - a ring of wizardry
 W - a ring of protection from cold
 Y - a +5 ring of evasion
Wands
 l - a wand of flame (52)
 q - a wand of digging (7)
 v - a wand of polymorph (14)
 P - a wand of acid (2)
 Q - a wand of paralysis (8)
 R - a wand of iceblast (13)
 S - a wand of mindburst (4)
Scrolls
 m - 8 scrolls of poison
 r - 5 scrolls of teleportation
 s - a scroll of immolation
 u - 3 scrolls of fog
 w - a scroll of magic mapping
 y - 4 scrolls of fear
 F - a scroll of brand weapon
 I - 7 scrolls of identify {@r1}
 J - a scroll of summoning
 K - a scroll of amnesia
 L - 3 scrolls of enchant weapon
 V - 2 scrolls of enchant armour
Potions
 b - 2 potions of magic
 h - 5 potions of might
 j - 5 potions of haste
 n - 12 potions of heal wounds
 o - 10 potions of curing
 t - 4 potions of cancellation
 x - 3 potions of flight
 A - 2 potions of ambrosia
 B - 8 potions of mutation
 C - 4 potions of brilliance
 D - 5 potions of attraction
 E - 3 potions of resistance
 G - 2 potions of invisibility
 X - 2 potions of lignification


   Skills:
 - Level 11.6(14.5) Fighting
 - Level 12.0(13.4) Dodging
 - Level 2.4(3.6) Stealth
 + Level 2.1(4.3) Shields
 - Level 17.2(20.0) Spellcasting
 - Level 17.2(19.3) Conjurations
 - Level 4.3(6.4) Translocations
 - Level 5.8(7.3) Transmutations
 - Level 9.0(10.5) Poison Magic


You had 13 spell levels left.
You knew the following spells:

 Your Spells              Type           Power      Damage    Failure   Level
a - Poisonous Vapours     Pois/Air       100%       N/A       1%          2
b - Searing Ray           Conj           100%       2d8       0%          2
c - Irradiate             Conj/Tmut      44%        3d26      1%          5
d - Fulminant Prism       Conj/Hex       39%        3d17      1%          4
e - Iskenderun's Mystic   Conj/Tloc      87%        2d17      1%          4
f - Freezing Cloud        Conj/Ice/Air   33%        6-21      1%          5
g - Arcjolt               Conj/Air       38%        1d48      1%          5
h - Statue Form           Tmut/Erth      36%        N/A       34%         6
s - Ignite Poison         Fire/Tmut/Pois 64%        N/A       1%          3
v - Magic Dart            Conj           100%       1d8       0%          1
x - Olgreb's Toxic Radia  Pois           80%        N/A       1%          4

Your spell library contained the following spells:

 Spells                   Type           Power      Damage    Failure   Level
 Beastly Appendage        Tmut           100%       N/A       1%          1
 Sting                    Tmut/Pois      100%       1d8       1%          1
 Call Imp                 Summ           66%        N/A       1%          2
 Cigotuvi's Dreadful Rot  Necr/Pois/Air  100%       N/A       1%          2
 Static Discharge         Conj/Air       100%       2-7/arc   1%          2
 Sublimation of Blood     Necr           33%        N/A       1%          2
 Wereblood                Tmut           69%        N/A       1%          2
 Dazzling Flash           Conj/Hex       100%       N/A       1%          3
 Hailstorm                Conj/Ice       77%        3d16      1%          3
 Mephitic Cloud           Conj/Pois/Air  78%        N/A       1%          3
 Spider Form              Tmut/Pois      75%        N/A       1%          3
 Vhi's Electric Charge    Tloc/Air       100%       N/A       1%          3
 Manifold Assault         Tloc           66%        N/A       1%          4
 Blade Hands              Tmut           34%        N/A       1%          5
 Petrify                  Tmut/Erth      55%        N/A       2%          4
 Conjure Ball Lightning   Conj/Air       38%        3x3d12    3%          6
 Airstrike                Air            16%        2d(3-19)  10%         4
 Summon Lightning Spire   Summ/Air       33%        N/A       10%         4
 Dispersal                Tloc           33%        N/A       11%         6
 Metabolic Englaciation   Hex/Ice        16%        N/A       26%         5
 Silence                  Hex/Air        16%        N/A       26%         5
 Agony                    Necr           33%        N/A       28%         5
 Dragon Form              Tmut           34%        N/A       41%         7
 Simulacrum               Ice/Necr       16%        N/A       83%         6
 Disjunction              Tloc           33%        N/A       99%         8
 Summon Hydra             Summ           16%        N/A       100%        7
 Discord                  Hex            17%        N/A       100%        8
 Maxwell's Capacitive Co  Air            16%        ∞         100%        8


Dungeon Overview and Level Annotations

Branches:
Dungeon (14/15) Zot: 25441  Temple (1/1) D:7 Zot: 5826    Lair (5/5) D:10 Zot: 21702
 Shoals (0/4) Lair:3       Spider (0/4) Lair:2        Slime (0/5) Lair:4
    Orc (2/2) D:11 Zot: 9049     Elf (0/3) Orc:2        Vaults (0/5) D:13
Ossuary (visited)          Bailey (visited)         Volcano (visited)

Altars:
Ashenzari
Cheibriados
Dithmenos
Elyvilon
Fedhas
Gozag
Hepliaklqana
Kikubaaqudgha
Makhleb
Nemelex Xobeh
Okawaru
Qazlal
Ru
Sif Muna
Trog
Uskayaw
Vehumet
Wu Jian
Xom
Yredelemnul
Zin
The Shining One

Shops:
D:3 (   D:4 !::!=   D:12 :   Orc:2 =((=

Portals:
Abyss: Lair:3
Trove: D:10 (give +2 shadow dragon scales)

Annotations:
D:14 Nexanis's ghost, adept HuCj
Lair:3 2 transporters, Patrick2011b's ghost, journeyman DrAE


Innate Abilities, Weirdness & Mutations

You are covered in fur. (AC +1)
You passively dampen the noise of your surroundings.


Message History

Moving in this stuff is going to be slow.
You see here a +2 short sword of freezing.
MP restored: 50
There is an open translucent door here.
Found a stone staircase leading up.
Found a +0 falchion.
Found a +0 dagger.
You see here a +0 halberd.
Done exploring.
Done exploring.
What are your orders? t - Shout!
Orders for allies: a - Attack new target. r - Retreat! s - Stop attacking. g - Guard the area. f - Follow me.
Anything else - Cancel.
You shout for attention!
What are your orders? t - Shout!
Orders for allies: a - Attack new target. r - Retreat! s - Stop attacking. g - Guard the area. f - Follow me.
Anything else - Cancel.
You shout for attention!
Sorry, I don't know how to traverse that place.
Really walk onto that alarm trap?
You set off the alarm!
The alarm trap emits a blaring wail!
A sentinel's mark forms upon you.
Nexanis's ghost whispers, "There is no future for you."
Nexanis's ghost points at you and mumbles some strange words.
The fireball explodes!
The fireball engulfs you!!!
You take 36 damage, and have 65/101 hp.
MASSIVE DAMAGE!!
Nexanis's ghost conjures an orb of pure magic.
An orb of destruction comes into view.
Nexanis's ghost casts a spell at you. The stone arrow misses you.
The orb of destruction hits you!!!
Ouch! That really hurt!
You die...

######......# #...........
.....#......# #....######.
.....#......# #....# #.
.....#......# #####....# #.
.....#......######........# #.
.....#....................# #.
.....#...........○*○W.....######.
####'#..........○###'####........
................@#......#.#'###..
.................#......#.#...#..
.................#......#.#...#..
###..............#......#.#...#..
#..............#......#.#####..
#..............########........
########.###.................##
#.# #.................# #.#
###################


There were no monsters in sight!

Vanquished Creatures
  Jorgrun (Orc:1)
  4 dire elephants (Lair:5)
  Josephine (D:10)
  2 hydras
  4 death yaks
  12 two-headed ogres
  2 centaur warriors
  2 catoblepae (D:14)
  5 ogre magi
  A boulder beetle (Lair:5)
  Erica (D:10)
  An orc high priest (Orc:2)
  A spectral dire elephant (Lair:5)
  A hell knight (Volcano)
  Sonja (Orc:2)
  An iron troll (D:13)
  A skyshark (Lair:4)
  A salamander mystic (Volcano)
  4 skeletal warriors (D:14)
  A wizard (D:13)
  3 necromancers (Lair:5)
  A lindwurm (Lair:3)
  2 deep elf pyromancers (D:12)
  2 orc knights
  Pikel (D:6)
  An obsidian statue (Lair:5)
  3 orc sorcerers
  7 ugly things
  2 cyclopes
  A manticore (D:13)
  A wolf spider (D:14)
  4 salamanders (Volcano)
  17 elephants
  A merfolk siren (Lair:3)
  Maurice (Orc:2)
  A dire elephant zombie (Lair:5)
  The ghost of lonewolfV2 the Shield-Bearer, a novice FoFi (D:4)
  The ghost of SirLogeyBear the Chopper, a novice HOBe of Trog (D:4)
  A molten gargoyle (Volcano)
  Joseph (Lair:1)
  4 black mambas
  A cane toad (shapeshifter) (D:14)
  A gargoyle (Volcano)
  A torpor snail (Lair:1)
  17 cane toads
  3 kobold demonologists
  12 komodo dragons
  A dire elephant skeleton (Lair:5)
  5 rime drakes
  2 tengu conjurers (D:12)
  6 trolls
  3 meliai (D:14)
  2 polar bears (Lair:5)
  Prince Ribbit (D:7)
  3 spectral elephants (Lair:5)
  7 blink frogs
  Sigmund (D:6)
  5 slime creatures (D:12)
  A vampire (D:11)
  A shadow (D:12)
  8 wraiths
  2 wyverns (D:9)
  The ghost of Cade the Cudgeller, an amateur MiBe of Trog (D:4)
  58 yaks
  4 fire bats (Volcano)
  Grum (Lair:1)
  8 basilisks
  A death yak simulacrum (Lair:5)
  5 steam dragons
  7 vampire mosquitoes (D:14)
  2 spectral cane toads (Lair:5)
  A warg (Orc:2)
  An acid dragon (D:9)
  15 water moccasins
  A sky beast (D:8)
  2 black bears
  12 orc warriors
  3 ice beasts
  21 ogres
  3 elephant zombies (Lair:5)
  The ghost of Zespara the Conjurer, an amateur DrCj (D:4)
  8 centaurs
  18 wolves
  2 lemures (D:6)
  3 elephant skeletons (Lair:5)
  A kobold brigand (D:11)
  12 bullfrogs
  16 scorpions
  A gnoll sergeant (D:7)
  A wight (D:7)
  3 cane toad simulacra (Lair:5)
  14 killer bees
  3 lava snakes (Volcano)
  A human zombie (Ossuary)
  6 jellies
  3 centaur zombies (Ossuary)
  3 hounds
  14 orc priests
  A sleepcap (D:6)
  16 iguanas
  5 scorpion zombies (Ossuary)
  20 orc wizards
  3 mummies (Ossuary)
  17 gnolls
  10 adders
  2 river rats (D:10)
  2 white imps (D:6)
  2 ufetubi
  4 worms
  4 dart slugs
  88 orcs
  8 ball pythons
  3 endoplasms
  7 giant cockroaches
  14 goblins
  9 hobgoblins
  6 jackals (D:1)
  6 quokkas
  3 bats
  23 frilled lizards
  4 gnoll zombies (Ossuary)
  4 hobgoblin zombies (Ossuary)
  18 kobolds
  3 kobold zombies (Ossuary)
  2 orc zombies (Ossuary)
  7 rats
733 creatures vanquished.

Vanquished Creatures (others)
  A centaur (D:9)
  83 fulminant prisms
84 creatures vanquished.

Grand Total: 817 creatures vanquished

Notes
Turn   | Place    | Note
-------+----------+-------------------------------------------
     0 | D:1      | Psyclone the Deep Elf Conjurer began the quest for the Orb.
     0 | D:1      | Reached XP level 1. HP: 10/10 MP: 6/6
   136 | D:1      | Gained mutation: You are covered in fur. (AC +1) [potion of
                  | mutation]
   136 | D:1      | Gained mutation: You passively dampen the noise of your
                  | surroundings. [potion of mutation]
   269 | D:1      | Reached XP level 2. HP: 15/15 MP: 4/8
   366 | D:1      | Learned a level 2 spell: Searing Ray
   545 | D:1      | Reached skill level 5 in Conjurations
   545 | D:1      | Reached XP level 3. HP: 14/19 MP: 4/10
   948 | D:1      | Found a faded altar of an unknown god.
  1197 | D:2      | Reached XP level 4. HP: 24/24 MP: 2/12
  1409 | D:2      | Reached skill level 5 in Spellcasting
  2165 | D:3      | Found Jexasch's Weapon Shoppe.
  2340 | D:3      | Reached XP level 5. HP: 28/28 MP: 11/14
  3371 | D:4      | Found Buklafe's Distillery.
  3610 | D:4      | Found a runed translucent gate.
  3611 | D:4      | Found a runed translucent gate.
  3612 | D:4      | Found a runed translucent gate.
  3613 | D:4      | Noticed Zespara's ghost (amateur DrCj)
  3613 | D:4      | Noticed SirLogeyBear's ghost (novice HOBe)
  3614 | D:4      | Noticed lonewolfV2's ghost (novice FoFi)
  3615 | D:4      | Noticed Cade's ghost (amateur MiBe)
  3643 | D:4      | Reached XP level 6. HP: 32/32 MP: 13/17
  3700 | D:4      | Found Ehiegimie's Distillery.
  3813 | D:4      | Found Juojeps's Book Shoppe.
  3816 | D:4      | Bought a Young Poisoner's Handbook for 200 gold pieces
  3819 | D:4      | Learned a level 2 spell: Poisonous Vapours
  3824 | D:4      | Learned a level 4 spell: Fulminant Prism
  3829 | D:4      | Learned a level 4 spell: Iskenderun's Mystic Blast
  3834 | D:4      | Learned a level 4 spell: Olgreb's Toxic Radiance
  4138 | D:4      | Reached XP level 7. HP: 36/36 MP: 13/19
  4271 | D:4      | Found Huosmuzo's Book Boutique.
  4311 | D:4      | Found Jiophoum's Jewellery Emporium.
  4480 | D:5      | Entered Level 5 of the Dungeon
  4481 | D:5      | Found the +1 Delatra's gloves {ID++}
  4622 | D:5      | Found a sacrificial altar of Ru.
  5105 | D:5      | Found an ancient bone altar of Kikubaaqudgha.
  5600 | D:5      | Found a sparkling altar of Nemelex Xobeh.
  5604 | D:5      | Found a stormy altar of Qazlal.
  5604 | D:5      | Found a shadowy altar of Dithmenos.
  5604 | D:5      | Found an iron altar of Okawaru.
  5699 | D:6      | Noticed a steam dragon
  5799 | D:6      | Killed a steam dragon
  5800 | D:6      | Reached XP level 8. HP: 34/41 MP: 18/23
  5810 | D:6      | Noticed Pikel
  5825 | D:6      | Killed Pikel
  5826 | D:6      | Reached skill level 10 in Spellcasting
  5883 | D:6      | Found a sand-covered staircase.
  6055 | D:6      | Noticed Sigmund
  6066 | D:6      | Killed Sigmund
  6067 | D:6      | Reached skill level 10 in Conjurations
  6071 | D:6      | Reached XP level 9. HP: 23/45 MP: 14/26
  6130 | Ossuary  | Entered an ossuary
  7321 | D:6      | Identified the +11 flail of Silly Blind Justice {freeze,
                  | Fragile rCorr Dex+5}
  7580 | D:7      | Noticed Prince Ribbit
  7588 | D:7      | Killed Prince Ribbit
  7847 | D:7      | Found a white marble altar of Elyvilon.
  8192 | D:7      | Found a staircase to the Ecumenical Temple.
  8198 | Temple   | Entered the Ecumenical Temple
  8357 | Temple   | Became a worshipper of Ashenzari the Shackled
  8510 | D:7      | HP: 2/45 [poisoned by an orc wizard]
  8877 | D:4      | Bought a Trismegistus Codex for 260 gold pieces
  8881 | D:4      | Learned a level 3 spell: Ignite Poison
  8887 | D:4      | Learned a level 5 spell: Irradiate
  8893 | D:4      | Learned a level 5 spell: Freezing Cloud
  9290 | D:8      | Reached skill level 1 in Poison Magic
  9378 | D:8      | Found a flagged portal.
  9395 | Bailey   | Entered a bailey
  9689 | Bailey   | Reached XP level 10. HP: 49/49 MP: 25/29
  9720 | Bailey   | Noticed an orc knight
  9732 | Bailey   | Killed an orc knight
  9973 | D:8      | Noticed an orc sorcerer
  9979 | D:8      | Killed an orc sorcerer
  9980 | D:8      | Reached skill level 5 in Poison Magic
 10264 | D:8      | Found a radiant altar of Vehumet.
 10276 | D:8      | Found a blossoming altar of Fedhas.
 10556 | D:9      | Noticed a two-headed ogre
 10657 | D:9      | Killed a two-headed ogre
 11363 | D:9      | Noticed an ogre mage
 11366 | D:9      | Killed an ogre mage
 11367 | D:9      | Reached skill level 5 in Transmutations
 11367 | D:9      | Reached XP level 11. HP: 54/54 MP: 20/30
 11536 | D:10     | Entered Level 10 of the Dungeon
 11784 | D:10     | Noticed Erica
 11793 | D:10     | Killed Erica
 11794 | D:10     | Reached skill level 1 in Fighting
 11899 | D:10     | Found a portal to a secret trove of treasure.
 11920 | D:10     | Noticed Josephine
 11935 | D:10     | Killed Josephine
 11936 | D:10     | Reached skill level 5 in Dodging
 12343 | D:10     | Noticed a death yak
 12347 | D:10     | Killed a death yak
 12347 | D:10     | Noticed a death yak
 12347 | D:10     | Noticed a death yak
 12392 | D:10     | Killed a death yak
 12423 | D:10     | Killed a death yak
 12598 | D:10     | Found a staircase to the Lair.
 12652 | D:10     | Reached skill level 5 in Fighting
 13194 | D:11     | Reached XP level 12. HP: 69/69 MP: 11/31
 13349 | D:11     | Noticed a two-headed ogre
 13370 | D:11     | Killed a two-headed ogre
 13492 | D:11     | Found a burning altar of Makhleb.
 13492 | D:11     | Noticed a cacodemon
 13774 | D:11     | Found a staircase to the Orcish Mines.
 14180 | D:12     | Found Wiggofur's Vocational Training.
 14537 | D:12     | Learned a level 5 spell: Arcjolt
 15410 | Orc:1    | Entered Level 1 of the Orcish Mines
 15512 | Orc:1    | Noticed Jorgrun
 15519 | Orc:1    | Killed Jorgrun
 15763 | Orc:2    | Entered Level 2 of the Orcish Mines
 15802 | Orc:2    | Noticed a two-headed ogre
 15810 | Orc:2    | Killed a two-headed ogre
 15811 | Orc:2    | Reached skill level 10 in Fighting
 15823 | Orc:2    | Noticed an ogre mage
 15881 | Orc:2    | Noticed a two-headed ogre
 15885 | Orc:2    | Killed a two-headed ogre
 16046 | Orc:2    | Reached XP level 13. HP: 83/83 MP: 27/32
 16184 | Orc:2    | Found Fufilozoilo's Antique Weapon Emporium.
 16184 | Orc:2    | Found Caoczit's Jewellery Shop.
 16184 | Orc:2    | Found Nuxtuwko's Jewellery Boutique.
 16184 | Orc:2    | Found Tuxaryhi's Antique Weapon Emporium.
 16547 | Orc:2    | Reached skill level 10 in Dodging
 16653 | Orc:2    | Noticed Sonja
 16655 | Orc:2    | Killed Sonja
 16955 | Orc:2    | Noticed Maurice
 16978 | Orc:2    | Killed Maurice
 17400 | Orc:2    | Found a staircase to the Elven Halls.
 17885 | Orc:1    | Paralysed by an orc sorcerer for 2 turns
 18424 | Lair:1   | Entered Level 1 of the Lair of Beasts
 18619 | Lair:1   | Noticed Grum
 18623 | Lair:1   | Killed Grum
 19102 | Lair:1   | Noticed Joseph
 19108 | Lair:1   | Killed Joseph
 19941 | Lair:2   | Reached XP level 14. HP: 92/92 MP: 24/33
 20615 | Lair:2   | You fall into a shaft and drop 1 floor!
 20698 | Lair:3   | Noticed Patrick2011b's ghost (journeyman DrAE)
 20699 | Lair:3   | Found a one-way gate to the infinite horrors of the Abyss.
 20724 | Lair:3   | Found a transporter.
 20855 | Lair:3   | Reached * piety under Ashenzari
 20926 | Lair:3   | Found a dark tunnel.
 20936 | Volcano  | Entered a volcano
 21263 | Volcano  | Found a burning altar of Makhleb.
 21267 | Volcano  | Reached skill level 15 in Conjurations
 21781 | Lair:3   | Found a staircase to the Shoals.
 21959 | Lair:3   | Found a transporter.
 22471 | Lair:2   | Found a hole to the Spider Nest.
 23048 | Lair:4   | Found a staircase to the Slime Pits.
 24010 | Lair:5   | Entered Level 5 of the Lair of Beasts
 25008 | Lair:5   | Reached ** piety under Ashenzari
 25346 | Lair:5   | Identified the ring "Bucicw" {rElec Int+2 Dex+6 SInv}
 25361 | Lair:5   | Reached XP level 15. HP: 97/97 MP: 33/36
 25795 | Lair:5   | Reached skill level 15 in Spellcasting
 26122 | Lair:5   | Identified the ring "Haocebb" {rN+ Stlth+}
 27498 | D:4      | Killed Zespara's ghost
 27502 | D:4      | Killed lonewolfV2's ghost
 27503 | D:4      | Killed Cade's ghost
 27504 | D:4      | Killed SirLogeyBear's ghost
 27734 | D:12     | Learned a level 6 spell: Statue Form
 28285 | D:13     | Found a gate to the Vaults.
 28328 | D:13     | Identified the Octavo of Algid Ill Luck
 28449 | D:14     | Found a stormy altar of Qazlal.
 28652 | D:14     | Reached skill level 1 in Translocations
 28867 | D:14     | Found a runed translucent door.
 28910 | D:14     | Noticed Nexanis's ghost (adept HuCj)
 29334 | D:14     | Reached skill level 1 in Shields
 29758 | D:14     | Reached *** piety under Ashenzari
 29982 | D:14     | Blown up by Nexanis's ghost

Illustrated notes

Levels and vault maps discovered:
D:1:      evilmike_arrival_rings, layout_loops_ring,
          hellmonk_ecumenical_altar_pennies_from_heaven
D:2:      layout_basic
D:3:      layout_loops_corners, serial_shops,
          nicolae_shop_pleasant_corner_grove, guppyfry_early_orc_mine
D:4:      layout_basic, serial_shops, nicolae_shop_industrial_runoff,
          nicolae_shop_behind_doors, shop, nicolae_shop_hallway_stairs,
          nicolae_stop_n_shop_2, gammafunk_ghost_cemetery
D:5:      layout_rooms, nicolae_ru_great_annihilating_truth,
          kiku_gazebo_garden_becter, grunt_temple_overflow_open
D:6:      layout_rooms, enter_ossuary_2, uniq_pikel, uniq_sigmund
D:7:      layout_loops_corners, mainiacjoe_overflow_brackets,
          minmay_temple_entry_fiery, palyth_stone_intersect, st_stairs_2,
          minmay_fractal_squares_diagonal_5, uniq_prince_ribbit1
D:8:      cheibrodos_wizards_tower, layout_rooms, mainiacjoe_overflow_big_doors,
          enter_bailey_2
D:9:      layout_rooms, minmay_three_doors
D:10:     layout_irregular_city, dpeg_lair_monsters, enter_trove_2,
          serial_glass, glass_columns_b, glass_columns_a, glass_columns_a,
          glass_columns_a, centaur_isle, uniq_josephine, uniq_erica
D:11:     layout_cave_pools, david_orc_2, makhleb_altar_promises_db
D:12:     layout_roguey, nicolae_shop_vocational
D:13:     layout_long_grid, david_vaults_4, dk_noncrumbling_2
D:14:     layout_irregular_city, nicolae_titane, ebering_ghost_reflecting_pool,
          grunt_qazlal_clouds
Temple:   hellmonk_temple_forest_ring
Lair:1:   layout_cave_pods, uniq_grum, uniq_joseph
Lair:2:   lemuel_reptile_caves, layout_chaotic_city,
          nicolae_spider_entry_non_spiders
Lair:3:   layout_roguey, minmay_shoals_entry_lonely_mermaid,
          gammafunk_ghost_abyssal_escape, lightli_volcano_entry_magma_tube
Lair:4:   layout_hall_layers, minmay_slime_entry_pillars
Lair:5:   due_jungle_book, layout_misc_corridors, nicolae_lair_lil_pond,
          st_stairs_13
Orc:1:    layout_diamond_mine, uniq_jorgrun
Orc:2:    st_orc_ogre_mass, layout_diamond_mine, uniq_sonja, uniq_maurice

Skill      XL: |  1  2  3  4  5  6  7  8  9 10 11 12 13 14 15 |
---------------+----------------------------------------------+-----
Spellcasting   | 4 5 6 7 9 11 13 14 17 | 17.2
Conjurations   | 5 6 7 8 10 11 13 17 | 17.2
Poison Magic   | 1 9 |  9.0
Transmutations | 5 |  5.8
Fighting       | 5 10 11 | 11.6
Dodging        | 8 9 12 | 12.0
Translocations | 4 |  4.3
Shields        | 2 |  2.1
Stealth        | |  2.4

Action                     |  1- 3 |  4- 6 |  7- 9 | 10-12 | 13-15 || total
---------------------------+-------+-------+-------+-------+-------++-------
  Melee: Hand axe          |    10 |       |     9 |       |       ||    19
         Flail             |       |       |     6 |     7 |    42 ||    55
         Punch             |       |       |       |       |     1 ||     1
   Cast: Magic Dart        |    53 |   146 |   122 |    15 |       ||   336
         Searing Ray       |     1 |     5 |    80 |    24 |       ||   110
         Fulminant Prism   |       |       |     9 |    46 |    28 ||    83
         Olgreb's Toxic Ra |       |       |       |    39 |    57 ||    96
         Ignite Poison     |       |       |       |    43 |   126 ||   169
         Poisonous Vapours |       |       |       |    33 |   154 ||   187
         Iskenderun's Myst |       |       |       |    22 |   102 ||   124
         Freezing Cloud    |       |       |       |       |    66 ||    66
         Irradiate         |       |       |       |       |     9 ||     9
 Invoke: Curse Item        |       |       |       |     1 |     4 ||     5
  Evoke: Wand              |       |       |       |       |     2 ||     2
    Use: Potion            |     1 |       |     9 |     3 |       ||    13
         Scroll            |       |       |    15 |     4 |     4 ||    23
   Stab: Sleeping          |     1 |       |     1 |       |       ||     2
 Armour: Robe              |     8 |    12 |    49 |     3 |       ||    72
         Steam dragon scal |       |       |       |    17 |    31 ||    48
  Dodge: Dodged            |    24 |    17 |   150 |   156 |   281 ||   628
